 Dungeon Crawl Stone Soup version 0.27.1-33-g824d729ab1 (webtiles) character file.

Game seed: 16202869699334843279

10623 McKennaii the Destroyer (level 11, 0/74 HPs)
             Began as a Demigod Conjurer on Dec 5, 2021.
             Slain by a manticore (13 damage)
             ... on level 9 of the Dungeon.
             The game lasted 00:22:32 (12470 turns).

McKennaii the Destroyer (Demigod Conjurer)         Turns: 12470, Time: 00:22:33

Health: 0/74       AC:  9    Str:  8    XL:     11   Next: 16%
Magic:  10/29      EV: 14    Int: 32    God:
Gold:   443        SH:  5    Dex: 12    Spells: 14/30 levels left

rFire    . . .     SeeInvis +   J - +5 spear (freeze)
rCold    . . .     Faith    .   (no shield)
rNeg     . . .     Spirit   .   k - +0 steam dragon scales
rPois    +         Reflect  +   C - +2 hat
rElec    .         Harm     .   i - +0 cloak
rCorr    .         Rampage  .   g - +0 pair of gloves
Will     +....                  (no boots)
Stlth    ++........             F - amulet of reflection
HPRegen  0.22/turn              c - ring of see invisible
MPRegen  0.21/turn              t - ring of poison resistance

@: spiked, freezing walls
A: high mp 1, forlorn
a: no special abilities


You were on level 9 of the Dungeon.
You visited 1 branch of the dungeon, and saw 9 of its levels.
You also visited: Sewer.

You collected 527 gold pieces.
You spent 84 gold pieces at shops.

Inventory:

Hand Weapons
 J - a +5 spear of freezing (weapon)
Armour
 g - a +0 pair of gloves (worn)
 i - a +0 cloak (worn)
 k - +0 steam dragon scales (worn)
 C - a +2 hat (worn)
Magical Staves
 x - a staff of cold
 D - a staff of death
Jewellery
 a - the ring "Wuggerir" {+Blink rC+++ rCorr EV+4 Int-5}
   (You found it on level 7 of the Dungeon)

   [ring of evasion]

   EV:        It affects your evasion (+4).
   Int:       It affects your intelligence (-5).
   rC:        It renders you almost immune to cold.
   +Blink:    It lets you blink.
   rCorr:     It protects you from acid and corrosion.
 c - a ring of see invisible (left hand)
 p - an amulet of the acrobat
 t - a ring of poison resistance (right hand)
 E - a ring of ice
 F - an amulet of reflection (around neck)
Wands
 y - a wand of acid (16)
 I - a wand of flame (21)
Scrolls
 b - 4 scrolls of amnesia
 d - 4 scrolls of teleportation
 e - 2 scrolls of immolation
 h - 3 scrolls of magic mapping
 o - 3 scrolls of vulnerability
 q - a scroll of identify
 s - 3 scrolls of enchant weapon {unknown}
 w - 2 scrolls of acquirement
 z - 2 scrolls of torment
 A - 3 scrolls of summoning
 B - 3 scrolls of enchant armour
 H - a scroll of fog {unknown}
Potions
 f - a potion of attraction
 j - 2 potions of resistance
 l - 8 potions of curing
 m - 2 potions of flight
 n - a potion of degeneration
 r - 5 potions of heal wounds
 u - 2 potions of magic
 v - 3 potions of might
 G - a potion of haste {unknown}


   Skills:
 - Level 6.0 Dodging
 - Level 1.7 Stealth
 - Level 10.0 Spellcasting
 + Level 10.5 Conjurations
 - Level 2.0 Translocations
 - Level 5.0 Ice Magic


You had 14 spell levels left.
You knew the following spells:

 Your Spells              Type           Power      Damage    Failure   Level
a - Magic Dart            Conj           100%       1d8       1%          1
b - Searing Ray           Conj           100%       3d7       1%          2
c - Iskenderun's Mystic   Conj/Tloc      54%        2d12      2%          4
f - Summon Ice Beast      Ice/Summ       32%        N/A       11%         4
n - Blink                 Tloc           N/A        N/A       1%          2
v - Frozen Ramparts       Ice            96%        1d11      1%          3

Your spell library contained the following spells:

 Spells                   Type           Power      Damage    Failure   Level
 Static Discharge         Conj/Air       49%        N/A       1%          2
 Dazzling Flash           Conj/Hex       98%        N/A       1%          3
 Iskenderun's Battlesphe  Conj           70%        2d12      1%          5
 Fulminant Prism          Conj/Hex       24%        3d13      3%          4
 Lesser Beckoning         Tloc           14%        N/A       4%          3
 Fireball                 Conj/Fire      24%        3d11      10%         5
 Lightning Bolt           Conj/Air       24%        1d40      10%         5
 Ice Form                 Ice/Tmut       32%        N/A       11%         4
 Orb of Destruction       Conj           35%        9d13      32%         7
 Manifold Assault         Tloc           28%        N/A       36%         5
 Conjure Ball Lightning   Conj/Air       24%        3x3d7     47%         6
 Maxwell's Capacitive Co  Air            8%         ∞         100%        8


Dungeon Overview and Level Annotations

Branches:
Dungeon (9/15)             Temple (0/1) D:6            Lair (0/6) D:9
  Sewer (visited)
    Orc: D:9-12

Shops:
D:2 (!=(!   D:4 (   D:6 =

Annotations:
D:7 2 transporters, McKennaii's ghost, novice DrCj


Innate Abilities, Weirdness & Mutations

Your attributes grow dramatically as you level up.
You have an increased reservoir of magic. (+10% MP)
You shall have no god before yourself.


Message History

Casting: Summon Ice Beast (dangerous; 11% risk of failure)
Confirm with . or Enter, or press ? or * to list all spells.
Casting: Frozen Ramparts (safe; 1% risk of failure)
Press: ? - help, Dir - look around, f - activate The walls around you are covered in ice.
The wall freezes the manticore!
Unknown command.
Casting: Frozen Ramparts (safe; 1% risk of failure)
Confirm with . or Enter, or press ? or * to list all spells.
A chill wind blows around you.
The wall freezes the manticore!
The manticore flicks its tail.
The volley of spikes hits you!!
The barbed spikes become lodged in your body.
Unknown command.
Reach: J) +5 spear (freeze)
Press: ? - help, Dir - move target, f - manticore
Aim: a manticore (moderately wounded, ally target, about 25% to evade your +5 spear of freezing)
You reach to attack!
You completely miss the manticore.
The manticore is moderately wounded.
The wall freezes the manticore.
The manticore flicks its tail.
The volley of spikes hits you.
The barbed spikes become lodged in your body.
Reach: J) +5 spear (freeze)
Press: ? - help, Dir - move target, f/p - manticore
Aim: a manticore (moderately wounded, ally target, about 25% to evade your +5 spear of freezing)
You reach to attack!
You hit the manticore but do no damage.
The manticore is moderately wounded.
The wall freezes the manticore.
Reach: J) +5 spear (freeze)
Press: ? - help, Dir - move target, f/p - manticore
Aim: a manticore (heavily wounded, ally target, about 25% to evade your +5 spear of freezing)
You barely miss the manticore.
The manticore is heavily wounded.
The wall freezes the manticore!
The manticore bites you!! You block the manticore's attack.
The manticore claws you!
* * * LOW HITPOINT WARNING * * *
Your ice beast barely misses the manticore.
The wall freezes the manticore!
The manticore bites you!
You die...

###......#..#####..#.....####.##
##)....#...## #..#.#..## #..#
#.....##...###..#.#..# ##..
##.)...#.....#..#...#######.#
#.....##.......#.#...##....#
#......###.....#.###.##..... ###
##.......####).#.# #.##..... ...
#.........Y##'#.###.##..... ...
#.........@H))..##.).......
#######.#############.)...)......
..................).).##)..#....>
####............>.##########.....
## ##....................# #...##
.###......†..............# #.....
.........................# #.#...
##.......................# #.#...
#........................# #.....


You could see a manticore (ally target) and a friendly ice beast (summoned).

Vanquished Creatures
  A boulder beetle (D:9)
  A two-headed ogre (D:9)
  3 death yaks (D:9)
  A cyclops (D:9)
  A manticore (D:9)
  2 trolls
  A wraith (D:9)
  A vampire (D:9)
  5 yaks (D:9)
  Menkaure (D:7)
  2 steam dragons (D:6)
  2 water moccasins
  2 sky beasts
  A hornet zombie (D:9)
  6 orc warriors
  2 necrophages
  3 ogres
  A wolf (D:6)
  7 centaurs
  2 phantoms (D:7)
  7 bullfrogs
  2 kobold brigands
  5 gnoll sergeants
  8 killer bees
  9 wights
  A howler monkey (D:7)
  5 hounds
  4 centaur zombies
  3 jellies
  7 orc priests
  3 gnoll shamans (D:6)
  An iguana (D:6)
  2 orc wizards
  2 hell rats (D:9)
  2 killer bee zombies (D:8)
  A hound skeleton (D:5)
  3 howler monkey zombies
  17 gnolls
  6 river rats
  7 adders
  An ufetubus (D:4)
  An adder skeleton (D:4)
  2 dart slugs
  23 orcs
  3 bats
  10 endoplasms
  3 giant cockroaches
  7 goblins
  7 hobgoblins
  3 jackals (D:6)
  9 kobolds
  7 quokkas
  18 ball pythons
  9 frilled lizards
  11 rats
254 creatures vanquished.

Vanquished Creatures (collateral kills)
  An orc wizard (D:9)
1 creature vanquished.

Vanquished Creatures (others)
  12 fungi (D:6)
12 creatures vanquished.

Grand Total: 267 creatures vanquished

Notes
Turn   | Place    | Note
-------+----------+-------------------------------------------
     0 | D:1      | McKennaii the Demigod Conjurer began the quest for the Orb.
     0 | D:1      | Reached XP level 1. HP: 14/14 MP: 5/5
   394 | D:1      | Reached XP level 2. HP: 19/20 MP: 2/8
   984 | D:1      | Learned a level 2 spell: Searing Ray
  1352 | D:2      | Noticed a necrophage
  1379 | D:1      | Killed a necrophage
  1380 | D:1      | Reached XP level 3. HP: 24/26 MP: 1/11
  1380 | D:1      | Reached XP level 4. HP: 31/33 MP: 1/13
  1595 | D:2      | Found Ifalail's Weapon Shop.
  1650 | D:2      | Found Hiciraemm's Distillery.
  1660 | D:2      | Bought a potion of curing for 42 gold pieces
  1660 | D:2      | Bought a potion of flight for 42 gold pieces
  1863 | D:2      | Found Feecokhla's Antique Weapon Boutique.
  1866 | D:2      | Found Naamouf's Distillery.
  2080 | D:2      | Found Enopp's Jewellery Shoppe.
  2357 | D:3      | Reached XP level 5. HP: 21/38 MP: 8/15
  2640 | D:3      | Reached skill level 5 in Spellcasting
  2835 | D:3      | Learned a level 4 spell: Iskenderun's Mystic Blast
  3061 | D:3      | Reached XP level 6. HP: 31/45 MP: 4/17
  3178 | D:3      | Learned a level 3 spell: Frozen Ramparts
  3183 | D:3      | Learned a level 4 spell: Summon Ice Beast
  4176 | D:4      | Learned a level 2 spell: Blink
  4209 | D:4      | Found Sipnyuthrai's Antique Weapon Emporium.
  4384 | D:5      | Entered Level 5 of the Dungeon
  4406 | D:5      | Noticed a water moccasin
  4412 | D:5      | Killed a water moccasin
  4413 | D:5      | Reached skill level 1 in Ice Magic
  4591 | D:5      | Reached XP level 7. HP: 50/50 MP: 12/19
  5185 | D:5      | Reached skill level 5 in Conjurations
  5887 | D:5      | Reached XP level 8. HP: 48/57 MP: 5/20
  6117 | D:6      | Found a glowing drain.
  6124 | Sewer    | Entered a sewer
  6604 | D:6      | Identified 2 scrolls of acquirement
  6709 | D:6      | Found a staircase to the Ecumenical Temple.
  7102 | D:6      | Found Qium's Jewellery Shop.
  7815 | D:7      | Noticed a troll
  7879 | D:7      | Killed a troll
  7880 | D:7      | Reached XP level 9. HP: 62/62 MP: 10/21
  8069 | D:7      | Reached skill level 1 in Translocations
  8069 | D:7      | Reached skill level 5 in Ice Magic
  8168 | D:7      | Identified the ring "Wuggerir" {+Blink rC+++ rCorr EV+4
                  | Int-5}
  8623 | D:7      | Found a transporter.
  8628 | D:7      | Noticed McKennaii's ghost (novice DrCj)
  8628 | D:7      | Noticed a moth of wrath
  8916 | D:7      | Noticed Menkaure
  8920 | D:7      | Killed Menkaure
  9088 | D:7      | Found a transporter.
  9297 | D:7      | Reached skill level 10 in Conjurations
 10756 | D:9      | Reached XP level 10. HP: 60/69 MP: 16/26
 10919 | D:9      | Noticed a death yak
 10922 | D:9      | Noticed a death yak
 10925 | D:9      | Noticed a death yak
 10934 | D:9      | Killed a death yak
 10937 | D:9      | Killed a death yak
 11175 | D:9      | Found a staircase to the Lair.
 11556 | D:9      | Reached skill level 10 in Spellcasting
 11684 | D:9      | Noticed a cyclops
 11731 | D:9      | Killed a cyclops
 12003 | D:9      | Noticed a manticore
 12013 | D:9      | Killed a manticore
 12119 | D:9      | Killed a death yak
 12120 | D:9      | Reached skill level 5 in Dodging
 12287 | D:9      | Reached XP level 11. HP: 67/74 MP: 14/29
 12297 | D:9      | Noticed a two-headed ogre
 12307 | D:9      | Killed a two-headed ogre
 12321 | D:9      | Noticed a boulder beetle
 12435 | D:9      | Killed a boulder beetle
 12470 | D:9      | Slain by a manticore

Illustrated notes

Levels and vault maps discovered:
D:1:      minmay_arrival_widening_spiral_wide, layout_basic,
          hellmonk_ecumenical_altar_heavens_door, minmay_tall_x
D:2:      layout_rooms, serial_shops, nicolae_shop_behind_doors, shop, shop,
          nicolae_shop_competitors_out_of_business, shop,
          minmay_misc_feat_plants
D:3:      layout_loops_cross, zin_scriptorium
D:4:      layout_loops_ring, gammafunk_temple_overflow_pools, serial_shops,
          nicolae_diamond_shop, kennysheep_generic_room_15
D:5:      layout_basic, mainiacjoe_overflow_small_starburst
D:6:      kennysheep_steamy, layout_cave_pools,
          mainiacjoe_overflow_concentric_impassable, temple_statues,
          serial_gnoll_camp, gnoll_camp_mini_hut, gnoll_camp_huts_basic,
          gnoll_camp_mini_house, gnoll_camp_mini_basic,
          cheibrodos_sewer_entry_sluice, serial_shops, shop
D:7:      layout_basic, gammafunk_ghost_berserking_beasts, uniq_menkaure
D:8:      layout_loops_ring, nzn_wu_jian_contemplation
D:9:      minmay_quarter_circles, layout_rooms,
          mainiacjoe_overflow_catch_the_wave, dpeg_lair_monsters,
          feat_on_display

Skill      XL: |  1  2  3  4  5  6  7  8  9 10 11 |
---------------+----------------------------------+-----
Spellcasting   | 2 4 5 6 8 10 | 10.0
Conjurations   | 4 6 9 10 | 10.5
Ice Magic      | 2 4 5 |  5.0
Translocations | 2 |  2.0
Dodging        | 5 6 |  6.0
Stealth        | |  1.7

Action                   |  1- 3 |  4- 6 |  7- 9 | 10-12 || total
-------------------------+-------+-------+-------+-------++-------
Melee: Unarmed           |     4 |     1 |       |       ||     5
       Staff             |       |       |     1 |       ||     1
       Spear             |       |       |       |    10 ||    10
 Cast: Magic Dart        |    61 |   156 |   167 |    48 ||   432
       Searing Ray       |     2 |     8 |    73 |    35 ||   118
       Iskenderun's Myst |       |       |     6 |     9 ||    15
       Summon Ice Beast  |       |       |       |     4 ||     4
       Frozen Ramparts   |       |       |       |     4 ||     4
  Use: Scroll            |       |       |    15 |     1 ||    16
       Potion            |       |       |       |     1 ||     1
Armor: Robe              |     3 |     9 |     5 |       ||    17
       Steam dragon scal |       |       |    17 |    16 ||    33
Dodge: Dodged            |    11 |    14 |    60 |    30 ||   115
Block: Other             |       |       |     6 |    14 ||    20
       Reflection        |       |       |       |     4 ||     4
